AoeStats
← ChubbyBunny

Glade

510477267Analyzed
1v1 RM · 1d ago on Oct 1, 2026· 50m 3s· 2 players
Game mode
Random Map
Map size
Tiny (2 player)
Population
200
Speed
Normal
Resources
Standard
Victory
Conquest
Starting age
Dark Age
Ending age
Imperial Age
RankedLock teamsTeams togetherTeam positionsShared explorationLock speedFull tech treeHidden civsTurbo modeCheats
Victory
Defeat
🇺🇾 Persians · Uruguay
518
+18
🇷🇴 Turks · Romania
551
-18
ONLY FLANS
7:05 Loom
10:26 Feudal Age
13:29 Wheelbarrow
15:19 Horse Collar
19:59 Castle Age
19:16 Stone Mining
19:17 Gold Mining
19:15 Double-Bit Axe
23:32 Bow Saw
23:35 Heavy Plow
29:59 Kamandaran
30:48 Thumb Ring
30:49 Crossbowman
32:36 Fletching
32:56 Forging
32:47 Padded Archer Armor
33:28 Gold Shaft Mining
33:37 Bodkin Arrow
38:03 Imperial Age
36:15 Iron Casting
35:55 Leather Archer Armor
36:59 Ballistics
40:10 Chemistry
39:38 Conscription
39:56 Citadels
40:26 Elite War Elephant
ChubbyBunny
12:42 Feudal Age
12:52 Man-at-Arms
13:37 Double-Bit Axe
14:22 Horse Collar
15:06 Gold Mining
19:45 Arson
20:04 Scale Mail Armor
21:02 Forging
22:19 Fletching
22:30 Padded Archer Armor
26:55 Castle Age
27:12 Long Swordsman
27:14 Crossbowman
28:00 Thumb Ring
28:13 Leather Archer Armor
29:47 Iron Casting
31:24 Stone Mining
31:46 Bow Saw
32:36 Heavy Plow
34:04 Bodkin Arrow
35:30 Chain Mail Armor
36:20 Loom
39:09 Imperial Age
37:42 Gold Shaft Mining
39:14 Squires
41:28 Two-Man Saw
40:30 Murder Holes
40:37 Capped Ram
42:43 Hoardings
43:44 Two-Handed Swordsman
46:23 Blast Furnace
45:53 Plate Mail Armor
47:51 Wheelbarrow
47:01 Treadmill Crane
49:45 Plate Mail Armor
Connection lost

Rejoining the realm…

Still unreachable

The connection could not be restored.

Session expired

The server has moved on; the page needs a fresh start.